 Dungeon Crawl Stone Soup version 0.31-a0-521-gc7390f8997 (webtiles) character file.

Game seed: 11715879767752713587

868 CraigForest the Grappler (level 7, -5/48 HPs)
             Began as a Vampire Shapeshifter on Aug 10, 2023.
             Slain by a gnoll
             ... wielding a +0 spear
             ... led by a gnoll bouda
              (7 damage)
             ... on level 5 of the Dungeon.
             The game lasted 00:13:43 (3815 turns).

CraigForest the Grappler (Vampire Shapeshifter)     Turns: 3815, Time: 00:13:43

Health: -5/48      AC:  3    Str: 16    XL:     7   Next: 73%
Magic:  7/7        EV:  6    Int: 11    God:
Gold:   203        SH:  0    Dex: 14    Spells: 6/6 levels left

rFire   . .          .
                       - Unarmed
rCold   . . .        (no shield)
rNeg    + . .        p - +0 leather armour
rPois   .            (helmet currently unavailable)
rElec   .            (cloak currently unavailable)
rCorr   .            (gloves currently unavailable)
SInv    +            (boots currently unavailable)
Will    .....        (no amulet)
Stlth   ++           r - ring of positive energy
HPRegen 0.48/turn    (no ring)
MPRegen 0.10/turn

%: no passive effects
@: beast-form, held, healing quickly
A: beast (slay +2), alive, fangs 3, see invisible, vampiric 2
a: Exsanguinate, Begin Untransformation


You were on level 5 of the Dungeon.
You were a hulking beast.
You visited 1 branch of the dungeon, and saw 5 of its levels.

You collected 203 gold pieces.

Inventory:

Hand Weapons
 i - a +3 whip
 u - a +6 scythe of pain
Missiles
 E - 2 throwing nets
Armour
 a - a +0 animal skin
 g - a +0 pair of gloves
 n - a +0 robe
 p - a +0 leather armour (worn)
 q - a +0 cloak
 A - a +0 pair of boots
 B - a +0 scale mail
Jewellery
 h - an amulet of faith
 r - a ring of positive energy (left hand)
Talismans
 c - a beast talisman (active)
 d - a flux talisman
Scrolls
 f - a scroll of poison {unknown}
 j - a scroll of vulnerability
 k - a scroll of teleportation
 o - a scroll of enchant weapon
 s - 2 scrolls of amnesia {unknown}
 v - a scroll of noise {unknown}
 w - a scroll of immolation {unknown}
 y - 3 scrolls of identify
 D - a scroll of fear {unknown}
Potions
 b - a potion of lignification
 e - a potion of heal wounds
 l - 3 potions of curing
 m - 2 potions of attraction
 t - a potion of cancellation
 x - a potion of haste {unknown}
 z - a potion of brilliance {unknown}
 C - a potion of berserk rage {unknown}


   Skills:
 + Level 1.6 Fighting
 + Level 2.1 Armour
 + Level 3.1 Dodging
 + Level 3.4 Stealth
 * Level 8.1 Unarmed Combat
 * Level 4.3 Shapeshifting


You had 6 spell levels left.
You didn't know any spells.
Your spell library contained the following spells:

 Spells                   Type           Power      Damage    Failure   Level
 Slow                     Hex            0%         N/A       41%         1
 Confusing Touch          Hex            0%         N/A       78%         3
 Vampiric Draining        Necr           0%         2d6       78%         3


Dungeon Overview and Level Annotations

Branches:
Dungeon (5/15)
 Temple: D:4-7

Altars:
Cheibriados
Ru
Trog


Innate Abilities, Weirdness & Mutations

You are a hulking beast.
Your limbs bulge with bestial killing power. (Slay +2)
Your natural rate of healing is accelerated.
You have razor-sharp teeth.
You have supernaturally acute eyesight. (SInv)
You are afflicted with vampirism and can become a bat while bloodless.


Message History

A gnoll bouda comes into view. It is wielding a +0 whip of flaming.
A gnoll comes into view. It is wielding a +0 club.
The gnoll shouts!
You hear a shout!
You closely miss the gnoll bouda.
The gnoll bouda shouts!
Your bite misses the gnoll bouda.
A gnoll comes into view. It is wielding a +0 spear.
The gnoll bouda hits you with a +0 whip of flaming!
The gnoll bouda burns you.
You closely miss the gnoll bouda. Your bite misses the gnoll bouda.
A gnoll comes into view. It is wielding a +0 whip.
The gnoll bouda barely misses you.
You hit the gnoll bouda but do no damage.
The gnoll throws a throwing net.
The throwing net misses you.
The gnoll bouda hits you with a +0 whip of flaming.
The gnoll bouda burns you.
You hit the gnoll bouda.
The gnoll bouda is moderately wounded.
The gnoll bouda barks out a call to the hunt!
The gnolls pick up the pace!
You hit the gnoll. Your bite misses the gnoll.
The gnoll is moderately wounded.
You barely miss the gnoll.
The gnoll is moderately wounded.
The gnoll throws a throwing net.
The throwing net hits you.
You become entangled in the net!
The gnoll hits you with a +0 club.
The gnoll bouda hits you with a +0 whip of flaming!
The gnoll bouda burns you.
The gnoll hits you from afar with a +0 spear!
* * * LOW HITPOINT WARNING * * *
You struggle against the net.
The gnoll hits you with a +0 club!
* * * LOW HITPOINT WARNING * * *
The gnoll bouda calls upon its god to heal the gnoll.
The gnoll's wounds heal themselves!
The gnoll barely misses you. The gnoll hits you with a +0 whip.
* * * LOW HITPOINT WARNING * * *
You struggle against the net.
The gnoll closely misses you. The gnoll bouda barely misses you.
The gnoll hits you from afar with a +0 spear!
You die...

#....†....#)..#
#........###..#
#.......## ##.#
#........###..#
#########)#.###
######.#####)##
.......)....>#
#.####g#.#####.#
.....ggh(......#
#.####g#.#######
#.#.# ..#.#
####.# #.# #.#
...


You could see a gnoll bouda and 3 gnolls.

Vanquished Creatures
  Sigmund (D:3)
  Menkaure (D:4)
  An ogre (D:4)
  Blork the orc (D:4)
  A howler monkey (D:5)
  A crimson imp (D:4)
  An orc priest (D:3)
  An orc wizard (D:5)
  Natasha (thrice) (D:3)
  An iguana (D:5)
  7 adders
  5 gnolls
  A white imp (D:4)
  4 worms
  2 dart slugs
  7 orcs
  5 ball pythons
  6 endoplasms
  2 giant cockroaches
  6 goblins
  5 hobgoblins
  2 jackals (D:2)
  3 quokkas
  5 bats
  2 frilled lizards (D:1)
  5 kobolds
  4 rats
83 creatures vanquished.

Notes
Turn   | Place    | Note
-------+----------+-------------------------------------------
     0 | D:1      | CraigForest the Vampire Shapeshifter began the quest for
                  | the Orb.
     0 | D:1      | Reached XP level 1. HP: 14/14 MP: 1/1
   287 | D:1      | Reached XP level 2. HP: 20/20 MP: 2/2
   926 | D:2      | Found a sacrificial altar of Ru.
  1024 | D:2      | Reached skill level 4 in Unarmed Combat
  1024 | D:2      | Gained mutation: You are afflicted with vampirism and can
                  | become a bat while bloodless. [Vampire growth]
  1024 | D:2      | Reached XP level 3. HP: 24/25 MP: 3/3
  1252 | D:2      | Reached skill level 1 in Fighting
  1252 | D:2      | Reached XP level 4. HP: 26/32 MP: 4/4
  1290 | D:2      | Reached skill level 1 in Stealth
  1703 | D:3      | Reached skill level 5 in Unarmed Combat
  1856 | D:3      | Reached XP level 5. HP: 16/37 MP: 5/5
  1881 | D:3      | Found a snail-covered altar of Cheibriados.
  2053 | D:3      | Found a bloodstained altar of Trog.
  2083 | D:3      | Noticed Natasha
  2088 | D:3      | Killed Natasha
  2104 | D:3      | Noticed Sigmund
  2128 | D:3      | Killed Sigmund
  2129 | D:3      | Reached skill level 1 in Armour
  2129 | D:3      | Reached skill level 6 in Unarmed Combat
  2129 | D:3      | Reached XP level 6. HP: 13/43 MP: 6/6
  2207 | D:3      | Noticed Natasha
  2217 | D:3      | Killed Natasha
  2737 | D:3      | Noticed Natasha
  2742 | D:3      | Killed Natasha
  2763 | D:4      | Noticed Blork the orc
  2776 | D:4      | Killed Blork the orc
  2777 | D:4      | Reached skill level 7 in Unarmed Combat
  2967 | D:4      | Reached XP level 7. HP: 43/48 MP: 7/7
  3089 | D:4      | Noticed Menkaure
  3097 | D:4      | Killed Menkaure
  3702 | D:5      | Entered Level 5 of the Dungeon
  3743 | D:5      | Reached skill level 8 in Unarmed Combat
  3814 | D:5      | HP: 2/48 [gnoll/+0 whip[a gnoll bouda] (3)]
  3815 | D:5      | Slain by a gnoll

Illustrated notes

Levels and vault maps discovered:
D:1:      evilmike_arrival_fibonacci_small, layout_basic
D:2:      layout_loops_corners, basic_altar
D:3:      layout_loops_ring, lemuel_crystal_altar, slow_altar_2, uniq_natasha,
          uniq_sigmund
D:4:      layout_basic, minmay_fire_ice_demons, uniq_menkaure,
          uniq_blork_the_orc
D:5:      layout_loops_cross, lemuel_doored_altar

Skill      XL: |  1  2  3  4  5  6  7 |
---------------+----------------------+-----
Unarmed Combat | 4 5 6 7 8 |  8.1
Fighting       | 1 |  1.6
Stealth        | 2 3 |  3.4
Armour         | 1 2 |  2.1
Dodging        | 3 |  3.1
Shapeshifting  | 4 |  4.3

Action                     |  1- 3 |  4- 6 |  7- 9 || total
---------------------------+-------+-------+-------++-------
  Melee: Unarmed           |    73 |   108 |    72 ||   253
         Bite              |     7 |    11 |     3 ||    21
         Punch             |     1 |     3 |     2 ||     6
    Use: Scroll            |     1 |     5 |     1 ||     7
   Stab: Sleeping          |     2 |     4 |       ||     6
         Distracted        |       |       |     1 ||     1
 Armour: Animal skin       |     5 |       |       ||     5
         Robe              |     8 |       |       ||     8
         Leather armour    |       |    17 |     8 ||    25
  Dodge: Dodged            |    26 |    39 |    43 ||   108

Table legend: (Time is in decaauts)
 A = Elapsed time spent in this place.
 B = Non-inter-level travel time spent in this place.
 C = Inter-level travel time spent in this place.
 D = Time resting spent in this place.
 E = Time spent auto-exploring this place.
 F = Levels seen in this place.
 G = Mean time per level.
                   A        B        C        D        E       F      G
               +--------+--------+--------+--------+--------+-----+--------+
         Total |   3786 |   3074 |    712 |      0 |   2462 |   5 |  757.2 |
       Dungeon |   3786 |   3074 |    712 |      0 |   2462 |   5 |  757.2 |
               +--------+--------+--------+--------+--------+-----+--------+

Top non-repeatable levels by time:
     D:3: 1061 daAuts
     D:2: 964 daAuts
     D:4: 934 daAuts
     D:1: 719 daAuts
     D:5: 107 daAuts
